 Dungeon Crawl Stone Soup version 0.29-a0-344-ge2f44be95a (webtiles) character file.

Game seed: 248520697949463517

2457 Dauddaud the Severer (level 9, 0/105 HPs)
             Began as a Minotaur Berserker on Apr 22, 2022.
             Was a Priest of Trog.
             Slain by a black bear (5 damage)
             ... on level 7 of the Dungeon.
             The game lasted 00:13:57 (4746 turns).

Dauddaud the Severer (Minotaur Berserker)           Turns: 4746, Time: 00:13:58

Health: 0/105      AC: 12    Str: 26    XL:     9   Next: 26%
Magic:  8/8        EV:  7    Int:  4    God:    Trog [***...]
Gold:   202        SH:  0    Dex: 10    Spells: 8/8 levels left

rFire   . . .      SeeInvis .   a - +0 hand axe
rCold   . . .      Faith    .   (no shield)
rNeg    . . .      Spirit   .   B - +0 plate armour
rPois   .          Reflect  .   (helmet restricted)
rElec   .          Harm     .   (no cloak)
rCorr   .          Rampage  .   (no gloves)
Will    .....                   g - +0 pair of boots
Stlth   ..........              f - amulet of regeneration
HPRegen 1.07/turn               (no ring)
MPRegen 0.11/turn               (no ring)

@: berserking, very quick
A: horns 2, retaliatory headbutt
a: Renounce Religion, Berserk, Trog's Hand


You were on level 7 of the Dungeon.
You worshipped Trog.
Trog was most pleased with you.
You visited 1 branch of the dungeon, and saw 7 of its levels.
You visited the Abyss 1 time.

You collected 202 gold pieces.

Inventory:

Hand Weapons
 a - a +0 hand axe (weapon)
Missiles
 v - a throwing net (quivered)
Armour
 b - a +0 animal skin
 g - a +0 pair of boots (worn)
 p - a +4 ring mail
 z - a +0 chain mail
 B - a +0 plate armour (worn)
Jewellery
 e - a ring of magical power
 f - an amulet of regeneration (around neck)
Wands
 q - a wand of paralysis (6)
 A - a wand of digging (7)
Scrolls
 c - 2 scrolls of identify
 j - 3 scrolls of brand weapon
 r - a scroll of vulnerability
 s - a scroll of blinking
 t - a scroll of teleportation
 x - 4 scrolls of immolation
 y - 4 scrolls of enchant armour
Potions
 d - 2 potions of ambrosia {unknown}
 h - 2 potions of mutation {unknown}
 i - a potion of magic {unknown}
 k - 2 potions of attraction {unknown}
 l - 2 potions of berserk rage {unknown}
 m - a potion of haste {unknown}
 n - a potion of degeneration {unknown}
 o - 5 potions of curing
 u - a potion of invisibility {unknown}
 w - a potion of brilliance {unknown}


   Skills:
 - Level 3.6 Fighting
 + Level 15.0 Axes
 - Level 2.4 Armour
 - Level 2.1 Dodging


You had 8 spell levels left.
You didn't know any spells.
Your spell library was empty.

Dungeon Overview and Level Annotations

Branches:
Dungeon (7/15)
 Temple: D:4-7

Altars:
Gozag

Shops:
D:3 *

Portals:
Ossuary: D:7


Innate Abilities, Weirdness & Mutations

You have a pair of horns on your head.
You reflexively headbutt those who attack you in melee.


Message History

The necrophage hits you but does no damage.
The black bear completely misses you.
The black bear claws you but does no damage. x2
You slash the ogre!
The ogre is severely wounded.
You slash the necrophage! You slash the black bear! You miss something.
The ogre hits you with a +0 giant spiked club!
* * * LOW HITPOINT WARNING * * *
You hit the ogre. Your headbutt misses the ogre.
The ogre is severely wounded.
You slash the necrophage!
You destroy the necrophage!
Trog accepts your kill.
You barely miss the black bear. You miss something.
Your life force feels restored.
You slash the ogre!
You kill the ogre!
Trog accepts your kill.
You miss something. You slash the black bear!
The orc throws a boomerang.
The boomerang hits you but does no damage.
Something hits you but does no damage.
The black bear bites you but does no damage.
The black bear claws you but does no damage.
The black bear claws you.
* * * LOW HITPOINT WARNING * * *
Your Axes skill increases to level 15!
You miss something. Your headbutt misses something. You slash the black bear!
You barely miss something. You hit the black bear.
The orc throws a boomerang.
The boomerang hits you but does no damage.
Something hits you but does no damage.
The black bear goes berserk!
Unknown command.
You closely miss the black bear.
The black bear is almost dead.
You completely miss something. You closely miss the black bear.
The black bear is almost dead.
You barely miss something. The black bear bites you!
* * * LOW HITPOINT WARNING * * *
The black bear claws you.
You die...

...# #... #....... ...
#.)..... #.. #.......
#.# #....... #.#
#.......
.###########.####.......
......)†.......##.......
....o∩{@...#.#..........
......h###...####.......
....... .......##.......
......####..##..........
?..... #..# ########..
...... #..# ### .....
#..# ..... ..#


You could see a black bear (berserk) and an orc.

Vanquished Creatures
  An orange demon (Abyss:1)
  A hellwing (Abyss:1)
  Grinder (D:3)
  Edmund (D:5)
  An orc warrior (D:7)
  A sky beast (D:5)
  An ice beast (D:5)
  2 black bears (D:6)
  The ghost of slavik159 the Chopper, an amateur HOMo of Beogh (D:4)
  4 ogres
  A centaur (D:6)
  2 phantoms
  Blork the orc (D:4)
  A scorpion (D:4)
  2 bullfrogs
  A necrophage (D:7)
  A small abomination (Abyss:1)
  A wyvern skeleton (D:3)
  A killer bee (D:4)
  The ghost of MashaM the Poker, a weakling MfGl (D:3)
  A bullfrog zombie (D:3)
  A hound (D:6)
  3 jellies
  5 orc priests
  An iguana (D:6)
  An orc wizard (D:4)
  4 adders
  4 gnolls (D:4)
  An ufetubus (D:6)
  4 worms
  6 dart slugs
  25 orcs
  4 endoplasms
  A giant cockroach (D:4)
  8 goblins
  2 hobgoblins
  14 jackals
  5 quokkas
  9 ball pythons
  4 bats
  4 frilled lizards
  A goblin zombie (D:7)
  9 kobolds
  4 rats
147 creatures vanquished.

Vanquished Creatures (others)
  A small abomination (Abyss:1)
1 creature vanquished.

Grand Total: 148 creatures vanquished

Notes
Turn   | Place    | Note
-------+----------+-------------------------------------------
     0 | D:1      | Dauddaud the Minotaur Berserker began the quest for the
                  | Orb.
     0 | D:1      | Reached XP level 1. HP: 19/19 MP: 0/0
   141 | D:1      | Reached skill level 4 in Axes
   244 | D:1      | Reached XP level 2. HP: 18/26 MP: 1/1
   590 | D:1      | Found a faded altar of an unknown god.
   884 | D:2      | Reached skill level 5 in Axes
   932 | D:2      | Reached ** piety under Trog
   975 | D:2      | Reached XP level 3. HP: 31/31 MP: 2/2
  1388 | D:3      | Found an opulent altar of Gozag.
  1388 | D:3      | Found Gozag's Platinum Reserve.
  1580 | D:3      | Noticed Grinder
  1599 | D:3      | Reached skill level 6 in Axes
  1599 | D:3      | Reached XP level 4. HP: 34/39 MP: 3/3
  1608 | D:3      | Killed Grinder
  1609 | D:3      | Reached skill level 8 in Axes
  1609 | D:3      | Reached XP level 5. HP: 19/45 MP: 4/4
  1609 | D:3      | Reached XP level 6. HP: 22/51 MP: 5/5
  1736 | D:3      | Found a runed translucent gate.
  1736 | D:3      | Found a runed translucent gate.
  1736 | D:3      | Found a runed translucent gate.
  1736 | D:3      | Noticed MashaM's ghost (weakling MfGl)
  1905 | D:3      | Killed MashaM's ghost
  1909 | D:3      | Reached skill level 9 in Axes
  2030 | D:4      | Reached XP level 7. HP: 56/57 MP: 6/6
  2105 | D:4      | Reached skill level 10 in Axes
  2169 | D:4      | Reached *** piety under Trog
  2211 | D:4      | Identified the +1 ring mail of Gusag {Int+3}
  2238 | D:4      | Noticed Blork the orc
  2250 | D:4      | Killed Blork the orc
  2251 | D:4      | Reached skill level 11 in Axes
  2600 | D:4      | Found a runed translucent door.
  2600 | D:4      | Noticed slavik159's ghost (amateur HOMo)
  2789 | D:4      | Reached XP level 8. HP: 63/64 MP: 7/7
  2809 | D:4      | Killed slavik159's ghost
  2810 | D:4      | Reached skill level 12 in Axes
  2868 | D:5      | Entered Level 5 of the Dungeon
  3264 | D:5      | Cast into level 1 of the Abyss (orc)
  3264 | Abyss:1  | Found a corrupted altar of Lugonu.
  3278 | Abyss:1  | Noticed a starcursed mass
  3299 | Abyss:1  | Noticed an orange demon
  3309 | Abyss:1  | Killed an orange demon
  3345 | Abyss:1  | Noticed a smoke demon
  3402 | Abyss:1  | Noticed a hellwing
  3413 | Abyss:1  | Killed a hellwing
  3416 | D:5      | Escaped the Abyss
  3627 | D:5      | Noticed Edmund
  3638 | D:5      | Killed Edmund
  3639 | D:5      | Reached skill level 13 in Axes
  4371 | D:6      | Reached skill level 14 in Axes
  4495 | D:6      | Reached XP level 9. HP: 69/70 MP: 8/8
  4722 | D:7      | Found a sand-covered staircase.
  4743 | D:7      | Reached skill level 15 in Axes
  4746 | D:7      | HP: 5/105 [black bear (11)]
  4746 | D:7      | Slain by a black bear

Illustrated notes

Levels and vault maps discovered:
D:1:      dpeg_arrival_chambers_temple_mockup, layout_basic,
          shapermc_ecumenical_altar_mp_urbaneastern
D:2:      layout_loops_ring, serial_glass, glass_columns_a, glass_columns_b,
          serial_bayou_lagoon_b
D:3:      layout_rooms, nicolae_gozag_zags_fifth_avenue,
          gammafunk_ghost_necromancy, chequers_serial_rivers_micro_d,
          minivault_24, uniq_grinder
D:4:      layout_basic, ebering_ghost_inner_flame, uniq_blork_the_orc
D:5:      layout_loops_cross, uniq_edmund
D:6:      kennysheep_steamy, layout_loops_cross, grunt_decor_arrowhead
D:7:      layout_rooms, temple_doors_cd, enter_ossuary_3,
          kennysheep_small_square

Skill      XL: |  1  2  3  4  5  6  7  8  9 |
---------------+----------------------------+-----
Axes           | 4 5 6 8 9 11 14 15 | 15.0
Fighting       | |  3.6
Armour         | |  2.4
Dodging        | |  2.1

Action                   |  1- 3 |  4- 6 |  7- 9 || total
-------------------------+-------+-------+-------++-------
Melee: Hand axe          |    89 |    67 |   325 ||   481
       Headbutt          |    10 |     9 |    59 ||    78
       Punch             |       |     1 |     3 ||     4
Invok: Trog's Hand       |     1 |       |     2 ||     3
       Berserk           |       |     4 |     3 ||     7
  Use: Scroll            |       |       |     7 ||     7
Armor: Animal skin       |    14 |       |       ||    14
       Ring mail         |    18 |    14 |    90 ||   122
       Plate armour      |       |       |    31 ||    31
Dodge: Dodged            |    59 |    23 |   113 ||   195

Table legend: (Time is in decaauts)
 A = Elapsed time spent in this place.
 B = Non-inter-level travel time spent in this place.
 C = Inter-level travel time spent in this place.
 D = Time resting spent in this place.
 E = Time spent auto-exploring this place.
 F = Levels seen in this place.
 G = Mean time per level.
                   A        B        C        D        E       F      G
               +--------+--------+--------+--------+--------+-----+--------+
         Total |   4712 |   4531 |    181 |    938 |   2666 |   8 |  589.0 |
       Dungeon |   4561 |   4380 |    181 |    872 |   2661 |   7 |  651.6 |
         Abyss |    150 |    150 |      0 |     65 |      5 |   1 |  150.0 |
               +--------+--------+--------+--------+--------+-----+--------+

Top non-repeatable levels by time:
     D:5: 1108 daAuts
     D:4: 816 daAuts
     D:1: 734 daAuts
     D:2: 726 daAuts
     D:3: 612 daAuts
     D:6: 443 daAuts
 Abyss:1: 150 daAuts
     D:7: 120 daAuts
